 Dungeon Crawl Stone Soup version 0.18.1-48-g4cf74bf (webtiles) character file.

132 Alarkh the Shooter (level 4, -10/33 HPs)
             Began as a Mummy Hunter on Aug 13, 2016.
             Killed from afar by Dowan (15 damage)
             ... with a puff of flame
             ... on level 5 of the Dungeon.
             The game lasted 00:04:35 (2317 turns).

Alarkh the Shooter (Mummy Hunter)                   Turns: 2317, Time: 00:04:36

Health: -10/33     AC:  5    Str: 21    XL:     4   Next: 92%
Magic:  4/4        EV: 11    Int: 11    God:
Gold:   128        SH:  0    Dex: 12    Spells: 0 memorised, 3 levels left

rFire  x . .     SeeInvis .     b - +3 dagger (venom)
rCold  + . .     Gourm    .     c - +0 leather armour
rNeg   + + +     Faith    .     (no shield)
rPois  ∞         Spirit   .     (no helmet)
rElec  .         Dismiss  .     h - +0 cloak
rCorr  .         Reflect  .     j - +0 pair of gloves
SustAt .         Harm     .     (no boots)
MR     .....                    (no amulet)
Stlth  +.........               (no ring)
                                o - +6 ring of strength (curse)

@: glowing, not resistant to hostile enchantments, very unstealthy
A: no food or potions, fire vulnerability, cold resistance 1, negative energy
resistance 3, torment resistance, unbreathing
a: no special abilities


You were on level 5 of the Dungeon.
You were not hungry.

You visited 1 branch of the dungeon, and saw 5 of its levels.

You collected 128 gold pieces.

Inventory:

Hand Weapons
 a - a +1 shortbow
 b - a +3 dagger of venom (weapon)
 k - a +2 whip of freezing
Missiles
 d - 36 arrows
Armour
 c - a +0 leather armour (worn)
 f - a +0 cloak
 h - a +0 cloak (worn)
 j - a +0 pair of gloves (worn)
Jewellery
 e - an uncursed ring of ice
 o - a cursed +6 ring of strength (left hand)
Wands
 p - a wand of polymorph (10/24)
Scrolls
 g - 2 scrolls of amnesia
 l - a scroll of enchant armour
 m - 2 scrolls of magic mapping
 n - a scroll of noise {unknown}


   Skills:
 - Level 2.0 Fighting
 + Level 5.2 Bows
 - Level 1.5 Dodging
 - Level 0.7 Stealth


You had 3 spell levels left.
You didn't know any spells.

Dungeon Overview and Level Annotations

Branches:
Dungeon (5/15)
 Temple: D:4-7

Altars:
Dithmenos
Qazlal
Ru
Yredelemnul

Annotations:
D:5 Dowan, Duvessa, Menkaure


Innate Abilities, Weirdness & Mutations

You do not eat or drink.
Your flesh is vulnerable to fire.
You are immune to poison.
Your flesh is cold resistant.
You are immune to negative energy.
You are immune to unholy pain and torment.
You can survive without breathing.


Message History

Dowan blinks!
The ogre shouts!
You hit the worm.
The worm is poisoned.
Your attack snaps the worm out of its fear.
The worm is moderately wounded.
The worm bites you but does no damage.
You barely miss the worm.
The worm is moderately wounded.
The worm bites you!
* * * LOW HITPOINT WARNING * * *
Found a shield.
Found a dazzling halberd.
Found a glowing brass wand.
You see here a robe.
Found 16 bolts.
A giant frog zombie comes into view.
The worm looks more healthy.
Dowan gestures at you while chanting. The puff of flame hits you!
The fire burns you terribly!
You die...

....# ###.
....##........##
..............
..............
#..........⌠⌠
##..........⌠#
##..$.......[.+ #. .
##..##........⌠###⌠..
..##...# #......@⌠⌠⌠⌠⌠..
......## #.........##.(.
...#...####.............
.####.......wO[.........
##.................# .
#..##$............. .#
#..###.........Z... .#
##..# ##...##).../e.
.####...## ...## .......


You could see an ogre, Dowan, a worm and a giant frog zombie.

Vanquished Creatures
  5 adders
  2 oozes
  2 adder skeletons (D:4)
  A worm (D:2)
  A dart slug (D:1)
  A giant gecko (D:1)
  2 orcs (D:3)
  7 giant cockroaches
  7 goblins
  4 hobgoblins
  8 jackals
  7 kobolds
  A quokka (D:3)
  A ball python (D:2)
  5 bats
  4 giant newts
  6 rats (D:1)
64 creatures vanquished.

Notes
Turn   | Place    | Note
--------------------------------------------------------------
     0 | D:1      | Alarkh the Mummy Hunter began the quest for the Orb.
     0 | D:1      | Reached XP level 1. HP: 16/16 MP: 1/1
   150 | D:1      | Reached XP level 2. HP: 21/22 MP: 2/2
   304 | D:1      | Reached skill level 4 in Bows
   457 | D:1      | Reached XP level 3. HP: 16/27 MP: 3/3
   832 | D:2      | Found a basalt altar of Yredelemnul.
   834 | D:2      | Found a stormy altar of Qazlal.
  1103 | D:2      | Reached XP level 4. HP: 32/33 MP: 4/4
  1539 | D:3      | Found a sacrificial altar of Ru.
  1707 | D:3      | Reached skill level 5 in Bows
  2208 | D:4      | Found a shadowy altar of Dithmenos.
  2237 | D:5      | Entered Level 5 of the Dungeon
  2237 | D:5      | Noticed an ogre
  2285 | D:5      | Noticed Menkaure
  2295 | D:5      | Noticed Dowan
  2296 | D:5      | Noticed Duvessa
  2317 | D:5      | Killed from afar by Dowan

Skill      XL: |  1  2  3  4 |
---------------+-------------+-----
Bows           | 4 5 |  5.2
Fighting       | |  2.0
Dodging        | |  1.5
Stealth        | |  0.7

Action                   |  1- 3 |  4- 6 || total
-------------------------+-------+-------++-------
Melee: Short sword       |    64 |       ||    64
       Dagger            |    54 |   102 ||   156
 Fire: Shortbow          |    25 |       ||    25
  Use: Scroll            |     5 |     5 ||    10
 Stab: Sleeping          |     1 |     1 ||     2
Armor: Leather armour    |    51 |    59 ||   110
Dodge: Dodged            |    91 |    80 ||   171
